Canadiens vs Rangers

Created - 31 janvier 2017 at 23:39

Goals
1 2 3 T
Canadiens 2 1 0 3
Rangers 0 3 3 6
Shots
1 2 3 T
Canadiens 10 10 12 32
Rangers 15 12 11 38

1st period

1. Canadiens , Andrei Loktionov 12 (Ladislav Smid, Greg Stewart) at 3:17
2. Canadiens , Drew Miller 19 (Dennis Wideman, Devin Setoguchi) at 8:11

Penalties :
Jiri Fischer (Mon) for Holding (Minor) at 10:07, Jakob Silfverberg (NYR) for Hooking (Minor) at 19:13

2nd period

3. Canadiens , Marek Svatos 24 (Marc Savard, Patrick Sharp) at 1:48
4. Rangers , Patrice Bergeron 24 (Milan Lucic, Cam Barker) at 2:44 (PP)
5. Rangers , Milan Lucic 22 (Patrice Bergeron) at 11:07 (PP)
6. Rangers , Drew Stafford 15 (Milan Lucic, Patrice Bergeron) at 13:52 (PP)

Penalties :
Dennis Wideman (Mon) for Holding (Minor) at 2:12, Milan Lucic (NYR) for Hooking (Minor) at 7:55, Torey Krug (Mon) for Boarding (Minor) at 11:02, Patrick Sharp (Mon) for Slashing (Minor) at 12:31, Patrick Sharp (Mon) for High sticking (Minor) at 18:08

3rd period

7. Rangers , Jakob Silfverberg 19 (Mark Fistric, Stephen Weiss) at 2:51
8. Rangers , Jakob Silfverberg 20 (Nick Foligno, Valtteri Filppula) at 17:35
9. Rangers , Jakob Silfverberg 21 (Stephen Weiss, Matt Greene) at 19:11 (PP)

Penalties :
Dennis Wideman (Mon) for Hooking (Minor) at 2:58, Drew Stafford (NYR) for Tripping (Minor) at 9:00, Drew Stafford (NYR) for Roughing (Minor) at 14:52, Marek Svatos (Mon) for Goalie Interference (Minor) at 18:13

Goalie Stats

Jonathan Bernier (Mon), 32 saves from 38 shots - (0,842), L, 15-12-6, 60:00 minutes
Hannu Toivonen (NYR), 29 saves from 32 shots - (0,906), W, 7-6-1, 60:00 minutes

Players Stats for Canadiens

Player Name              G  A  P  +/- PIM S  H  SB GA TA FO     MP     PP MP  PK MP  
------------------------------------------------------------------------------------
Andrei Loktionov         1  0  1  -1  0   1  0  0  0  0  3/6    10:54   0:00   0:00 
Brooks Laich             0  0  0   1  0   4  1  0  0  0  11/15  14:18   2:57   1:09 
Dan Boyle                0  0  0   0  0   1  1  1  0  0  0/0    24:04   5:33   5:29 
Dennis Wideman           0  1  1   1  4   0  2  1  0  3  0/0    27:34   5:33   2:57 
Devin Setoguchi          0  1  1   1  0   1  0  1  0  0  1/1    13:09   2:57   0:00 
Drew Miller              1  0  1   1  0   4  2  0  1  0  1/1    16:51   2:57   3:00 
Dustin Boyd              0  0  0   0  0   3  0  0  0  1  1/3     7:46   0:00   0:31 
Evgeny Dadonov           0  0  0   0  0   0  1  0  3  0  0/0     7:15   0:00   0:00 
Greg Stewart             0  1  1  -1  0   2  2  0  0  0  0/0    11:26   0:00   0:32 
Jiri Fischer             0  0  0   0  2   1  0  2  0  0  0/0    19:39   2:23   2:20 
Jonas Hoglund            0  0  0   0  0   2  1  0  0  0  3/5     9:56   0:00   2:26 
Ladislav Smid            0  1  1   0  0   1  0  1  0  3  0/0    18:39   0:00   3:51 
Marc Savard              0  1  1   1  0   2  3  0  0  0  15/37  20:06   4:59   1:25 
Marek Svatos             1  0  1   1  2   6  2  0  0  1  0/1    23:41   4:59   4:35 
Matt Carle               0  0  0   0  0   0  0  0  0  0  0/0     9:48   0:00   0:27 
Patrick Sharp            0  1  1   1  4   2  2  1  1  0  3/9    23:13   4:59   4:08 
Rene Bourque             0  0  0  -1  0   1  3  0  0  0  0/0    10:54   0:00   0:00 
Torey Krug               0  0  0   1  2   1  2  0  0  0  0/0    21:47   2:23   2:42 

Players Stats for Rangers

Player Name              G  A  P  +/- PIM S  H  SB GA TA FO     MP     PP MP  PK MP  
------------------------------------------------------------------------------------
Artem Anisimov           0  0  0  -1  0   0  0  0  0  0  3/7    10:09   0:00   1:39 
Bryan Young              0  0  0   0  0   0  0  0  0  0  0/0     3:10   0:39   0:00 
Cam Barker               0  1  1   1  0   5  2  4  3  0  0/0    30:42   4:15   5:21 
Chris Bourque            0  0  0  -1  0   0  0  0  0  0  0/0     5:52   0:38   0:00 
Drew Stafford            1  0  1  -1  4   1  1  0  1  0  1/1    20:32   5:11   0:00 
Gustav Nyquist           0  0  0  -1  0   0  2  0  0  0  0/0     5:51   0:37   0:00 
Jakob Silfverberg        3  0  3   2  2   6  0  1  0  0  0/2    17:06   3:05   0:00 
Mark Fistric             0  1  1   1  0   0  1  2  0  2  0/0    25:04   4:15   2:35 
Matt Greene              0  1  1  -2  0   0  1  1  0  1  0/0    20:12   3:59   5:21 
Matt Read                0  0  0  -1  0   1  0  0  2  0  0/0    10:09   0:00   1:39 
Mike Cammalleri          0  0  0   2  0   6  2  1  0  0  0/0    16:41   3:05   0:00 
Milan Lucic              1  2  3  -1  2   4  3  0  1  0  2/2    19:56   5:10   0:00 
Nick Foligno             0  1  1  -1  0   1  1  1  0  0  1/1    15:40   0:00   6:06 
Patrice Bergeron         1  2  3  -1  0   3  2  0  0  0  16/33  20:18   5:10   0:21 
Ryan Suter               0  0  0   1  0   5  1  1  0  0  0/0    21:56   3:59   2:35 
Staffan Kronwall         0  0  0  -3  0   0  1  1  1  1  0/0    18:56   0:39   0:00 
Stephen Weiss            0  2  2   2  0   4  2  2  0  0  7/15   16:42   3:06   0:00 
Valtteri Filppula        0  1  1  -1  0   2  1  0  0  1  10/17  13:04   0:37   6:07 

3 Stars

1 - Jakob Silfverberg (NYR)
2 - Patrice Bergeron (NYR)
3 - Stephen Weiss (NYR)

Power Play

Canadiens - 0 on 4 Attempt(s) - 0,00%
Rangers - 4 on 7 Attempt(s) - 57,14%

Penalty Kill

Canadiens - 3 on 7 Attempt(s) - 42,86% - Score 0 goal in Penalty Kill
Rangers - 4 on 4 Attempt(s) - 100,00% - Score 0 goal in Penalty Kill

Team Stat

Canadiens - Hits : 22 - Faceoff Wins : 38 - Blocked Shots : 7 - Penalty Minutes : 14
Rangers - Hits : 20 - Faceoff Wins : 40 - Blocked Shots : 14 - Penalty Minutes : 8

Official

Referees : Joannette Marc and Lee Chris
Linesman : Pierre Racicot and Mark Wheler

Game Notes

Jakob Silfverberg has scored a Hat Trick!

Finance

Level 1 -- Attendance: 4717 (78,62%) -- Ticket Income 424 530 $
Level 2 -- Attendance: 3973 (79,46%) -- Ticket Income 218 515 $
Level 3 -- Attendance: 2000 (100,00%) -- Ticket Income 60 000 $
Level 4 -- Attendance: 3985 (99,63%) -- Ticket Income 79 700 $
Luxury Box -- Attendance: 806 (80,60%) -- Ticket Income 141 050 $
Game was played at the Madison Square Garden.
Total Attendance: 15481 (86,01%)
Total Ticket Income: 923 795 $
Other Income: 138 569 $
Total Income: 1 062 364 $

Canadiens

5 vs 5 Forward 
   Center                   Left Wing                Right Wing               Time % Phy DF OF 
 1 Marc Savard              Patrick Sharp            Marek Svatos             40     1   2  2  
 2 Brooks Laich             Drew Miller              Devin Setoguchi          30     1   2  2  
 3 Andrei Loktionov         Greg Stewart             Rene Bourque             20     1   2  2  
 4 Dustin Boyd              Evgeny Dadonov           Jonas Hoglund            10     1   2  2  

5 vs 5 Defense 
   Defense                  Defense                                           Time % Phy DF OF 
 1 Torey Krug               Dennis Wideman                                    40     1   2  2  
 2 Ladislav Smid            Jiri Fischer                                      30     1   2  2  
 3 Matt Carle               Dan Boyle                                         20     1   2  2  
 4 Dan Boyle                Dennis Wideman                                    10     1   2  2  

PowerPlay Forward 
   Center                   Left Wing                Right Wing               Time % Phy DF OF 
 1 Marc Savard              Patrick Sharp            Marek Svatos             60     1   2  2  
 2 Brooks Laich             Drew Miller              Devin Setoguchi          40     1   2  2  

PowerPlay Defense
   Defense                  Defense                                           Time % Phy DF OF 
 1 Dan Boyle                Dennis Wideman                                    60     1   2  2  
 2 Torey Krug               Jiri Fischer                                      40     1   2  2  

Penalty Kill 4 Players Forward 
   Center                   Wing                     Time % Phy DF OF 
 1 Patrick Sharp            Marek Svatos             60     1   2  2  
 2 Marc Savard              Drew Miller              40     1   2  2  

Penalty Kill 4 Players Defense
   Defense                  Defense                  Time % Phy DF OF 
 1 Dan Boyle                Dennis Wideman           60     1   2  2  
 2 Ladislav Smid            Jiri Fischer             40     1   2  2  

Penalty Kill - 3 Players Forward 
   Forward                                           Time % Phy DF OF 
 1 Patrick Sharp                                     60     1   2  2  
 2 Marek Svatos                                      40     1   2  2  

Penalty Kill - 3 Players Defense
   Defense                  Defense                  Time % Phy DF OF 
 1 Dan Boyle                Dennis Wideman           60     1   2  2  
 2 Ladislav Smid            Jiri Fischer             40     1   2  2  

4 vs 4 Forward 
   Center                   Wing                     Time % Phy DF OF 
 1 Patrick Sharp            Marek Svatos             60     1   2  2  
 2 Marc Savard              Drew Miller              40     1   2  2  

4 vs 4 Defense
   Defense                  Defense                  Time % Phy DF OF 
 1 Dan Boyle                Dennis Wideman           60     1   2  2  
 2 Torey Krug               Jiri Fischer             40     1   2  2  

Last Minutes Offensive
   Center                   Left Wing                Right Wing               Defense                  Defense                  
   Marc Savard              Patrick Sharp            Marek Svatos             Dan Boyle                Dennis Wideman           

Last Minutes Defensive
   Center                   Left Wing                Right Wing               Defense                  Defense                  
   Marc Savard              Patrick Sharp            Marek Svatos             Dan Boyle                Dennis Wideman           

Goaltenders
Starting : Jonathan Bernier         
Backup : Tobias Stephan           

Extra Forwards
Normal : Greg Stewart, Rene Bourque, Jonas Hoglund - PP : Greg Stewart, Rene Bourque - PK : Jonas Hoglund
Extra Defensemen
Normal : Matt Carle, Torey Krug, Ladislav Smid - PP : Matt Carle - PK : Torey Krug, Ladislav Smid
Penalty Shots
Patrick Sharp, Marek Svatos, Marc Savard, Drew Miller, Devin Setoguchi

Rangers

5 vs 5 Forward 
   Center                   Left Wing                Right Wing               Time % Phy DF OF 
 1 Patrice Bergeron         Milan Lucic              Drew Stafford            40     1   2  2  
 2 Stephen Weiss            Mike Cammalleri          Jakob Silfverberg        30     1   2  2  
 3 Artem Anisimov           Nick Foligno             Matt Read                20     1   2  2  
 4 Valtteri Filppula        Chris Bourque            Gustav Nyquist           10     1   2  2  

5 vs 5 Defense 
   Defense                  Defense                                           Time % Phy DF OF 
 1 Cam Barker               Ryan Suter                                        40     1   2  2  
 2 Mark Fistric             Staffan Kronwall                                  30     1   2  2  
 3 Matt Greene              Staffan Kronwall                                  20     1   2  2  
 4 Cam Barker               Mark Fistric                                      10     1   2  2  

PowerPlay Forward 
   Center                   Left Wing                Right Wing               Time % Phy DF OF 
 1 Patrice Bergeron         Milan Lucic              Drew Stafford            60     1   2  2  
 2 Stephen Weiss            Mike Cammalleri          Jakob Silfverberg        40     1   2  2  

PowerPlay Defense
   Defense                  Defense                                           Time % Phy DF OF 
 1 Cam Barker               Mark Fistric                                      60     1   2  2  
 2 Matt Greene              Ryan Suter                                        40     1   2  2  

Penalty Kill 4 Players Forward 
   Center                   Wing                     Time % Phy DF OF 
 1 Valtteri Filppula        Nick Foligno             60     1   2  2  
 2 Artem Anisimov           Matt Read                40     1   2  2  

Penalty Kill 4 Players Defense
   Defense                  Defense                  Time % Phy DF OF 
 1 Cam Barker               Matt Greene              60     1   2  2  
 2 Mark Fistric             Ryan Suter               40     1   2  2  

Penalty Kill - 3 Players Forward 
   Forward                                           Time % Phy DF OF 
 1 Matt Read                                         60     1   2  2  
 2 Nick Foligno                                      40     1   2  2  

Penalty Kill - 3 Players Defense
   Defense                  Defense                  Time % Phy DF OF 
 1 Cam Barker               Matt Greene              60     1   2  2  
 2 Mark Fistric             Ryan Suter               40     1   2  2  

4 vs 4 Forward 
   Center                   Wing                     Time % Phy DF OF 
 1 Patrice Bergeron         Milan Lucic              60     1   2  2  
 2 Stephen Weiss            Jakob Silfverberg        40     1   2  2  

4 vs 4 Defense
   Defense                  Defense                  Time % Phy DF OF 
 1 Cam Barker               Ryan Suter               60     1   2  2  
 2 Mark Fistric             Matt Greene              40     1   2  2  

Last Minutes Offensive
   Center                   Left Wing                Right Wing               Defense                  Defense                  
   Patrice Bergeron         Milan Lucic              Jakob Silfverberg        Cam Barker               Drew Stafford            

Last Minutes Defensive
   Center                   Left Wing                Right Wing               Defense                  Defense                  
   Patrice Bergeron         Nick Foligno             Matt Read                Cam Barker               Mark Fistric             

Goaltenders
Starting : Hannu Toivonen           
Backup : Henrik Lundqvist         

Extra Forwards
Normal : Artem Anisimov, Valtteri Filppula, Milan Lucic - PP : Jakob Silfverberg, Patrice Bergeron - PK : Patrice Bergeron
Extra Defensemen
Normal : Matt Greene, Ryan Suter, Cam Barker - PP : Ryan Suter - PK : Cam Barker, Matt Greene
Penalty Shots
Patrice Bergeron, Jakob Silfverberg, Milan Lucic, Stephen Weiss, Valtteri Filppula

% Time on Ice - Canadiens

Lines # - Real PCT - Wanted PCT - Time Play
Normal Forward
1 - 33% - 40% - 14:08
2 - 25% - 30% - 10:54
3 - 25% - 20% - 10:54
4 - 17% - 10% - 7:15
Normal Defense
1 - 40% - 40% - 17:12
2 - 35% - 30% - 14:57
3 - 21% - 20% - 8:56
4 - 5% - 10% - 2:06
PP Forward
1 - 63% - 60% - 4:59
2 - 37% - 40% - 2:57
PP Defense
1 - 70% - 60% - 5:33
2 - 30% - 40% - 2:23
PK Forward
1 - 84% - 60% - 7:28
2 - 16% - 40% - 1:25
PK Defense
1 - 65% - 60% - 5:48
2 - 35% - 40% - 3:05
PK3 Forward
1 - 0% - 60%
2 - 0% - 40%
PK3 Defense
1 - 0% - 60%
2 - 0% - 40%
44 Forward
1 - 0% - 60%
2 - 0% - 40%
44 Defense
1 - 0% - 60%
2 - 0% - 40%
Last Minute Offensive  - 0:00
Last Minute Defensive  - 0:00
Total
Forward - 60:00
Defense - 60:00

% Time on Ice - Rangers

Lines # - Real PCT - Wanted PCT - Time Play
Normal Forward
1 - 37% - 40% - 15:51
2 - 31% - 30% - 13:36
3 - 20% - 20% - 8:30
4 - 12% - 10% - 5:14
Normal Defense
1 - 42% - 40% - 18:03
2 - 28% - 30% - 12:01
3 - 20% - 20% - 8:51
4 - 10% - 10% - 4:16
PP Forward
1 - 62% - 60% - 5:33
2 - 38% - 40% - 3:20
PP Defense
1 - 55% - 60% - 4:54
2 - 45% - 40% - 3:59
PK Forward
1 - 79% - 60% - 6:17
2 - 21% - 40% - 1:39
PK Defense
1 - 67% - 60% - 5:21
2 - 33% - 40% - 2:35
PK3 Forward
1 - 0% - 60%
2 - 0% - 40%
PK3 Defense
1 - 0% - 60%
2 - 0% - 40%
44 Forward
1 - 0% - 60%
2 - 0% - 40%
44 Defense
1 - 0% - 60%
2 - 0% - 40%
Last Minute Offensive  - 0:00
Last Minute Defensive  - 0:00
Total
Forward - 60:00
Defense - 60:00

Play by Play

1st period


0:01 of 1st period - Patrick Sharp wins face-off versus Patrice Bergeron in neutral zone.
0:04 of 1st period - Snap shot by Marc Savard.
0:04 of 1st period - Stopped by Hannu Toivonen without a rebound.
0:05 of 1st period - Marc Savard wins face-off versus Patrice Bergeron in Rangers zone.
1:20 of 1st period - Off-side.
1:21 of 1st period - Stephen Weiss wins face-off versus Brooks Laich in neutral zone.
1:24 of 1st period - Snap shot by Mike Cammalleri.
1:24 of 1st period - Stopped by Jonathan Bernier without a rebound.
1:25 of 1st period - Brooks Laich wins face-off versus Stephen Weiss in Canadiens zone.
1:30 of 1st period - Snap shot by Devin Setoguchi.
1:30 of 1st period - Shot Hit the Post.
1:38 of 1st period - Mark Fistric is hit by Drew Miller and loses puck.
2:07 of 1st period - Snap shot by Brooks Laich.
2:07 of 1st period - Stopped by Hannu Toivonen with a rebound.
2:09 of 1st period - Slapshot by Matt Carle.
2:09 of 1st period - Deflect By Drew Miller.
2:09 of 1st period - Shot Blocked by Nick Foligno.
2:09 of 1st period - Puck is out of play.
2:10 of 1st period - Stephen Weiss wins face-off versus Marc Savard in Rangers zone.
2:35 of 1st period - Cam Barker is hit by Rene Bourque and loses puck.
2:45 of 1st period - Icing by Ladislav Smid.
2:46 of 1st period - Andrei Loktionov wins face-off versus Artem Anisimov in Canadiens zone.
3:01 of 1st period - Wrist shot by Rene Bourque.
3:01 of 1st period - Shot Blocked by Matt Greene.
3:13 of 1st period - Slapshot by Andrei Loktionov.
3:13 of 1st period - Shot Misses the Net.
3:15 of 1st period - Slapshot by Ladislav Smid.
3:15 of 1st period - Stopped by Hannu Toivonen with a rebound.
3:17 of 1st period - Slapshot by Andrei Loktionov.
3:17 of 1st period - Goal by Andrei Loktionov - Canadiens : 1 - Rangers : 0.
3:18 of 1st period - Stephen Weiss wins face-off versus Marc Savard in neutral zone.
3:23 of 1st period - Wrist shot by Stephen Weiss.
3:23 of 1st period - Stopped by Jonathan Bernier with a rebound.
3:31 of 1st period - Wrist shot by Stephen Weiss.
3:31 of 1st period - Deflect By Jakob Silfverberg.
3:31 of 1st period - Stopped by Jonathan Bernier without a rebound.
3:32 of 1st period - Valtteri Filppula wins face-off versus Marc Savard in Canadiens zone.
3:33 of 1st period - Snap shot by Chris Bourque.
3:33 of 1st period - Shot Misses the Net.
3:57 of 1st period - Devin Setoguchi is hit by Stephen Weiss and loses puck.
4:06 of 1st period - Snap shot by Devin Setoguchi.
4:06 of 1st period - Stopped by Hannu Toivonen with a rebound.
4:20 of 1st period - Milan Lucic is hit by Evgeny Dadonov and loses puck.
4:47 of 1st period - Wrist shot by Matt Read.
4:47 of 1st period - Shot Misses the Net.
4:49 of 1st period - Slapshot by Cam Barker.
4:49 of 1st period - Stopped by Jonathan Bernier with a rebound.
4:51 of 1st period - Snap shot by Matt Read.
4:51 of 1st period - Stopped by Jonathan Bernier with a rebound.
4:53 of 1st period - Slapshot by Ryan Suter.
4:53 of 1st period - Stopped by Jonathan Bernier without a rebound.
4:54 of 1st period - Stephen Weiss wins face-off versus Marc Savard in Canadiens zone.
5:21 of 1st period - Dennis Wideman is hit by Gustav Nyquist and loses puck.
5:48 of 1st period - Snap shot by Patrice Bergeron.
5:48 of 1st period - Shot Misses the Net.
7:03 of 1st period - Snap shot by Dustin Boyd.
7:03 of 1st period - Shot Misses the Net.
7:21 of 1st period - Milan Lucic is hit by Marc Savard and loses puck.
8:07 of 1st period - Wrist shot by Drew Miller.
8:07 of 1st period - Stopped by Hannu Toivonen with a rebound.
8:09 of 1st period - Slapshot by Dennis Wideman.
8:09 of 1st period - Shot Blocked by Mark Fistric.
8:11 of 1st period - Wrist shot by Drew Miller.
8:11 of 1st period - Goal by Drew Miller - Canadiens : 2 - Rangers : 0.
8:12 of 1st period - Patrice Bergeron wins face-off versus Marc Savard in neutral zone.
8:19 of 1st period - Wrist shot by Milan Lucic.
8:19 of 1st period - Stopped by Jonathan Bernier with a rebound.
8:21 of 1st period - Snap shot by Cam Barker.
8:21 of 1st period - Stopped by Jonathan Bernier without a rebound.
8:22 of 1st period - Marc Savard wins face-off versus Patrice Bergeron in Canadiens zone.
8:22 of 1st period - Marc Savard is hit by Patrice Bergeron.
8:40 of 1st period - Wrist shot by Patrice Bergeron.
8:40 of 1st period - Shot Misses the Net.
8:42 of 1st period - Slapshot by Drew Stafford.
8:42 of 1st period - Shot Misses the Net.
8:44 of 1st period - Slapshot by Ryan Suter.
8:44 of 1st period - Deflect By Torey Krug.
8:44 of 1st period - Stopped by Jonathan Bernier with a rebound.
8:46 of 1st period - Slapshot by Cam Barker.
8:46 of 1st period - Stopped by Jonathan Bernier with a rebound.
8:48 of 1st period - Snap shot by Milan Lucic.
8:48 of 1st period - Shot Misses the Net.
8:52 of 1st period - Snap shot by Patrice Bergeron.
8:52 of 1st period - Stopped by Jonathan Bernier with a rebound.
8:54 of 1st period - Slapshot by Ryan Suter.
8:54 of 1st period - Stopped by Jonathan Bernier with a rebound.
9:05 of 1st period - Icing by Torey Krug.
9:06 of 1st period - Marc Savard wins face-off versus Stephen Weiss in Canadiens zone.
10:07 of 1st period - Minor Penalty to Jiri Fischer for Holding.
10:08 of 1st period - Patrice Bergeron wins face-off versus Patrick Sharp in Canadiens zone.
10:11 of 1st period - Snap shot by Milan Lucic.
10:11 of 1st period - Shot Misses the Net.
10:13 of 1st period - Snap shot by Ryan Suter.
10:13 of 1st period - Stopped by Jonathan Bernier with a rebound.
10:38 of 1st period - Icing by Ryan Suter.
10:39 of 1st period - Stephen Weiss wins face-off versus Marc Savard in Rangers zone.
11:29 of 1st period - Off-side.
11:30 of 1st period - Marc Savard wins face-off versus Jakob Silfverberg in neutral zone.
11:36 of 1st period - Icing by Stephen Weiss.
11:37 of 1st period - Stephen Weiss wins face-off versus Patrick Sharp in Rangers zone.
12:07 of 1st period - Penalty to Jiri Fischer is over, Jiri Fischer is back on ice.
12:59 of 1st period - Slapshot by Jakob Silfverberg.
12:59 of 1st period - Stopped by Jonathan Bernier without a rebound.
13:00 of 1st period - Brooks Laich wins face-off versus Patrice Bergeron in Canadiens zone.
13:27 of 1st period - Mark Fistric is hit by Dennis Wideman and loses puck.
13:49 of 1st period - Matt Carle is hit by Gustav Nyquist.
13:53 of 1st period - Jonas Hoglund is hit by Ryan Suter and loses puck.
14:15 of 1st period - Ladislav Smid is hit by Patrice Bergeron and loses puck.
15:45 of 1st period - Bryan Young is hit by Jonas Hoglund and loses puck.
15:56 of 1st period - Ryan Suter is hit by Brooks Laich and loses puck.
16:07 of 1st period - Marc Savard is hit by Drew Stafford and loses puck.
16:24 of 1st period - Cam Barker is hit by Rene Bourque and loses puck.
17:05 of 1st period - Jiri Fischer is hit by Staffan Kronwall and loses puck.
17:10 of 1st period - Snap shot by Artem Anisimov.
17:10 of 1st period - Shot Misses the Net.
17:22 of 1st period - Wrist shot by Artem Anisimov.
17:22 of 1st period - Shot Blocked by Jiri Fischer.
17:24 of 1st period - Slapshot by Ryan Suter.
17:24 of 1st period - Stopped by Jonathan Bernier without a rebound.
17:25 of 1st period - Marc Savard wins face-off versus Patrice Bergeron in Canadiens zone.
17:42 of 1st period - Patrick Sharp is hit by Milan Lucic.
18:25 of 1st period - Wrist shot by Dustin Boyd.
18:25 of 1st period - Stopped by Hannu Toivonen without a rebound.
18:26 of 1st period - Patrice Bergeron wins face-off versus Dustin Boyd in Rangers zone.
19:13 of 1st period - Minor Penalty to Jakob Silfverberg for Hooking.
19:14 of 1st period - Valtteri Filppula wins face-off versus Marc Savard in Rangers zone.
19:29 of 1st period - Wrist shot by Marek Svatos.
19:29 of 1st period - Shot Blocked by Cam Barker.
19:51 of 1st period - Backhand shot by Drew Miller.
19:51 of 1st period - Stopped by Hannu Toivonen without a rebound.
19:52 of 1st period - Brooks Laich wins face-off versus Valtteri Filppula in Rangers zone.
19:53 of 1st period - Snap shot by Drew Miller.
19:53 of 1st period - Shot Misses the Net.
19:55 of 1st period - Snap shot by Jiri Fischer.
19:55 of 1st period - Stopped by Hannu Toivonen with a rebound.
19:57 of 1st period - Slapshot by Drew Miller.
19:57 of 1st period - Shot Misses the Net.
19:59 of 1st period - Slapshot by Jiri Fischer.
19:59 of 1st period - Shot Blocked by Mark Fistric.
Goals for this period are 2 for Canadiens vs 0 for Rangers.
Shots for this period are 10 for Canadiens vs 15 for Rangers.

2nd period


0:01 of 2nd period - Marc Savard wins face-off versus Valtteri Filppula in neutral zone.
0:15 of 2nd period - Slapshot by Marek Svatos.
0:15 of 2nd period - Stopped by Hannu Toivonen without a rebound.
0:16 of 2nd period - Marc Savard wins face-off versus Valtteri Filppula in Rangers zone.
0:27 of 2nd period - Snap shot by Marek Svatos.
0:27 of 2nd period - Stopped by Hannu Toivonen without a rebound.
0:28 of 2nd period - Marc Savard wins face-off versus Valtteri Filppula in Rangers zone.
1:01 of 2nd period - Off-side.
1:02 of 2nd period - Drew Miller wins face-off versus Artem Anisimov in neutral zone.
1:13 of 2nd period - Penalty to Jakob Silfverberg is over, Jakob Silfverberg is back on ice.
1:27 of 2nd period - Mark Fistric is hit by Greg Stewart and loses puck.
1:38 of 2nd period - Snap shot by Andrei Loktionov.
1:38 of 2nd period - Deflect By Greg Stewart.
1:38 of 2nd period - Shot Blocked by Jakob Silfverberg.
1:38 of 2nd period - Puck is out of play.
1:39 of 2nd period - Marc Savard wins face-off versus Patrice Bergeron in Rangers zone.
1:46 of 2nd period - Wrist shot by Marek Svatos.
1:46 of 2nd period - Shot Misses the Net.
1:48 of 2nd period - Wrist shot by Marek Svatos.
1:48 of 2nd period - Goal by Marek Svatos - Canadiens : 3 - Rangers : 0.
1:49 of 2nd period - Marc Savard wins face-off versus Patrice Bergeron in neutral zone.
2:12 of 2nd period - Minor Penalty to Dennis Wideman for Holding.
2:13 of 2nd period - Milan Lucic wins face-off versus Patrick Sharp in Canadiens zone.
2:18 of 2nd period - Slapshot by Milan Lucic.
2:18 of 2nd period - Stopped by Jonathan Bernier with a rebound.
2:20 of 2nd period - Wrist shot by Drew Stafford.
2:20 of 2nd period - Shot Hit the Post.
2:22 of 2nd period - Snap shot by Patrice Bergeron.
2:22 of 2nd period - Deflect By Torey Krug.
2:22 of 2nd period - Stopped by Jonathan Bernier without a rebound.
2:23 of 2nd period - Patrick Sharp wins face-off versus Patrice Bergeron in Canadiens zone.
2:44 of 2nd period - Slapshot by Patrice Bergeron.
2:44 of 2nd period - Goal by Patrice Bergeron - Canadiens : 3 - Rangers : 1.
2:45 of 2nd period - Marc Savard wins face-off versus Patrice Bergeron in neutral zone.
2:58 of 2nd period - Wrist shot by Patrice Bergeron.
2:58 of 2nd period - Shot Misses the Net.
3:00 of 2nd period - Snap shot by Drew Stafford.
3:00 of 2nd period - Deflect By Milan Lucic.
3:00 of 2nd period - Stopped by Jonathan Bernier without a rebound.
3:01 of 2nd period - Brooks Laich wins face-off versus Stephen Weiss in Canadiens zone.
4:10 of 2nd period - Icing by Artem Anisimov.
4:11 of 2nd period - Valtteri Filppula wins face-off versus Dustin Boyd in Rangers zone.
5:10 of 2nd period - Snap shot by Drew Miller.
5:10 of 2nd period - Stopped by Hannu Toivonen with a rebound.
6:05 of 2nd period - Icing by Marc Savard.
6:06 of 2nd period - Patrice Bergeron wins face-off versus Marc Savard in Canadiens zone.
6:21 of 2nd period - Marc Savard is hit by Milan Lucic.
6:35 of 2nd period - Icing by Cam Barker.
6:36 of 2nd period - Patrice Bergeron wins face-off versus Brooks Laich in Rangers zone.
6:41 of 2nd period - Snap shot by Patrice Bergeron.
6:41 of 2nd period - Shot Misses the Net.
7:01 of 2nd period - Slapshot by Staffan Kronwall.
7:01 of 2nd period - Shot Misses the Net.
7:03 of 2nd period - Slapshot by Stephen Weiss.
7:03 of 2nd period - Stopped by Jonathan Bernier without a rebound.
7:04 of 2nd period - Andrei Loktionov wins face-off versus Stephen Weiss in Canadiens zone.
7:40 of 2nd period - Icing by Marc Savard.
7:41 of 2nd period - Patrice Bergeron wins face-off versus Marc Savard in Canadiens zone.
7:55 of 2nd period - Minor Penalty to Milan Lucic for Hooking.
7:56 of 2nd period - Valtteri Filppula wins face-off versus Marc Savard in Rangers zone.
8:10 of 2nd period - Marc Savard is hit by Valtteri Filppula and loses puck.
8:31 of 2nd period - Wrist shot by Drew Miller.
8:31 of 2nd period - Shot Blocked by Cam Barker.
8:58 of 2nd period - Icing by Marek Svatos.
8:59 of 2nd period - Patrice Bergeron wins face-off versus Brooks Laich in Canadiens zone.
9:10 of 2nd period - Snap shot by Devin Setoguchi.
9:10 of 2nd period - Shot Misses the Net.
9:55 of 2nd period - Penalty to Milan Lucic is over, Milan Lucic is back on ice.
10:03 of 2nd period - Icing by Matt Greene.
10:04 of 2nd period - Andrei Loktionov wins face-off versus Jakob Silfverberg in Rangers zone.
10:05 of 2nd period - Slapshot by Greg Stewart.
10:05 of 2nd period - Stopped by Hannu Toivonen with a rebound.
10:09 of 2nd period - Snap shot by Greg Stewart.
10:09 of 2nd period - Stopped by Hannu Toivonen with a rebound.
10:11 of 2nd period - Snap shot by Greg Stewart.
10:11 of 2nd period - Shot Misses the Net.
10:13 of 2nd period - Slapshot by Jiri Fischer.
10:13 of 2nd period - Shot Misses the Net.
10:31 of 2nd period - Snap shot by Ladislav Smid.
10:31 of 2nd period - Shot Blocked by Cam Barker.
10:33 of 2nd period - Snap shot by Brooks Laich.
10:33 of 2nd period - Stopped by Hannu Toivonen with a rebound.
10:35 of 2nd period - Slapshot by Brooks Laich.
10:35 of 2nd period - Stopped by Hannu Toivonen with a rebound.
11:02 of 2nd period - Minor Penalty to Torey Krug for Boarding.
11:03 of 2nd period - Patrice Bergeron wins face-off versus Patrick Sharp in Canadiens zone.
11:07 of 2nd period - Snap shot by Milan Lucic.
11:07 of 2nd period - Goal by Milan Lucic - Canadiens : 3 - Rangers : 2.
11:08 of 2nd period - Marc Savard wins face-off versus Patrice Bergeron in neutral zone.
11:58 of 2nd period - Cam Barker is hit by Torey Krug and loses puck.
12:05 of 2nd period - Ryan Suter is hit by Patrick Sharp and loses puck.
12:31 of 2nd period - Minor Penalty to Patrick Sharp for Slashing.
12:32 of 2nd period - Jonas Hoglund wins face-off versus Patrice Bergeron in Canadiens zone.
13:07 of 2nd period - Dennis Wideman is hit by Mike Cammalleri and loses puck.
13:28 of 2nd period - Off-side.
13:29 of 2nd period - Brooks Laich wins face-off versus Patrice Bergeron in neutral zone.
13:38 of 2nd period - Wrist shot by Cam Barker.
13:38 of 2nd period - Shot Blocked by Dennis Wideman.
13:40 of 2nd period - Slapshot by Drew Stafford.
13:40 of 2nd period - Deflect By Milan Lucic.
13:40 of 2nd period - Shot Misses the Net.
13:40 of 2nd period - Puck is out of play.
13:41 of 2nd period - Jonas Hoglund wins face-off versus Patrice Bergeron in Canadiens zone.
13:52 of 2nd period - Slapshot by Drew Stafford.
13:52 of 2nd period - Goal by Drew Stafford - Canadiens : 3 - Rangers : 3.
13:53 of 2nd period - Brooks Laich wins face-off versus Patrice Bergeron in neutral zone.
14:04 of 2nd period - Mark Fistric is hit by Drew Miller and loses puck.
14:24 of 2nd period - Snap shot by Cam Barker.
14:24 of 2nd period - Stopped by Jonathan Bernier without a rebound.
14:25 of 2nd period - Marc Savard wins face-off versus Stephen Weiss in Canadiens zone.
14:40 of 2nd period - Snap shot by Marc Savard.
14:40 of 2nd period - Shot Blocked by Stephen Weiss.
14:42 of 2nd period - Slapshot by Dan Boyle.
14:42 of 2nd period - Deflect By Ryan Suter.
14:42 of 2nd period - Stopped by Hannu Toivonen without a rebound.
14:43 of 2nd period - Brooks Laich wins face-off versus Patrice Bergeron in Rangers zone.
15:19 of 2nd period - Snap shot by Marek Svatos.
15:19 of 2nd period - Shot Misses the Net.
15:21 of 2nd period - Wrist shot by Marek Svatos.
15:21 of 2nd period - Stopped by Hannu Toivonen without a rebound.
15:22 of 2nd period - Patrice Bergeron wins face-off versus Andrei Loktionov in Rangers zone.
15:57 of 2nd period - Snap shot by Jakob Silfverberg.
15:57 of 2nd period - Stopped by Jonathan Bernier without a rebound.
15:58 of 2nd period - Brooks Laich wins face-off versus Stephen Weiss in Canadiens zone.
16:05 of 2nd period - Wrist shot by Drew Miller.
16:05 of 2nd period - Shot Blocked by Stephen Weiss.
16:17 of 2nd period - Snap shot by Stephen Weiss.
16:17 of 2nd period - Stopped by Jonathan Bernier with a rebound.
16:19 of 2nd period - Snap shot by Stephen Weiss.
16:19 of 2nd period - Deflect By Mike Cammalleri.
16:19 of 2nd period - Stopped by Jonathan Bernier without a rebound.
16:20 of 2nd period - Patrice Bergeron wins face-off versus Marc Savard in Canadiens zone.
16:52 of 2nd period - Wrist shot by Jakob Silfverberg.
16:52 of 2nd period - Shot Blocked by Devin Setoguchi.
16:54 of 2nd period - Wrist shot by Ryan Suter.
16:54 of 2nd period - Shot Misses the Net.
16:56 of 2nd period - Slapshot by Cam Barker.
16:56 of 2nd period - Shot Misses the Net.
16:58 of 2nd period - Slapshot by Cam Barker.
16:58 of 2nd period - Deflect By Stephen Weiss.
16:58 of 2nd period - Stopped by Jonathan Bernier with a rebound.
17:41 of 2nd period - Drew Miller is hit by Nick Foligno and loses puck.
18:00 of 2nd period - Cam Barker is hit by Marek Svatos and loses puck.
18:08 of 2nd period - Minor Penalty to Patrick Sharp for High sticking.
18:09 of 2nd period - Jonas Hoglund wins face-off versus Patrice Bergeron in Canadiens zone.
18:09 of 2nd period - Jonas Hoglund is hit by Milan Lucic.
Goals for this period are 1 for Canadiens vs 3 for Rangers.
Shots for this period are 10 for Canadiens vs 12 for Rangers.

3rd period


0:01 of 3rd period - Patrice Bergeron wins face-off versus Jonas Hoglund in neutral zone.
0:08 of 3rd period - Penalty to Patrick Sharp is over, Patrick Sharp is back on ice.
0:26 of 3rd period - Mike Cammalleri is hit by Dan Boyle and loses puck.
1:37 of 3rd period - Slapshot by Jakob Silfverberg.
1:37 of 3rd period - Shot Misses the Net.
1:39 of 3rd period - Slapshot by Mark Fistric.
1:39 of 3rd period - Shot Blocked by Ladislav Smid.
1:49 of 3rd period - Snap shot by Jakob Silfverberg.
1:49 of 3rd period - Shot Misses the Net.
1:57 of 3rd period - Snap shot by Stephen Weiss.
1:57 of 3rd period - Shot Misses the Net.
1:59 of 3rd period - Snap shot by Mike Cammalleri.
1:59 of 3rd period - Stopped by Jonathan Bernier with a rebound.
2:01 of 3rd period - Snap shot by Mike Cammalleri.
2:01 of 3rd period - Stopped by Jonathan Bernier with a rebound.
2:33 of 3rd period - Wrist shot by Jakob Silfverberg.
2:33 of 3rd period - Shot Misses the Net.
2:35 of 3rd period - Slapshot by Mark Fistric.
2:35 of 3rd period - Shot Misses the Net.
2:49 of 3rd period - Wrist shot by Stephen Weiss.
2:49 of 3rd period - Shot Blocked by Jiri Fischer.
2:51 of 3rd period - Slapshot by Mark Fistric.
2:51 of 3rd period - Deflect By Jakob Silfverberg.
2:51 of 3rd period - Deflect By Andrei Loktionov.
2:51 of 3rd period - Goal by Jakob Silfverberg - Canadiens : 3 - Rangers : 4.
2:52 of 3rd period - Drew Stafford wins face-off versus Marc Savard in neutral zone.
2:58 of 3rd period - Minor Penalty to Dennis Wideman for Hooking.
2:59 of 3rd period - Patrice Bergeron wins face-off versus Patrick Sharp in Canadiens zone.
4:08 of 3rd period - Icing by Valtteri Filppula.
4:09 of 3rd period - Valtteri Filppula wins face-off versus Marc Savard in Rangers zone.
4:58 of 3rd period - Penalty to Dennis Wideman is over, Dennis Wideman is back on ice.
5:13 of 3rd period - Icing by Drew Miller.
5:14 of 3rd period - Artem Anisimov wins face-off versus Marc Savard in Canadiens zone.
5:33 of 3rd period - Slapshot by Cam Barker.
5:33 of 3rd period - Shot Blocked by Dan Boyle.
5:39 of 3rd period - Slapshot by Ladislav Smid.
5:39 of 3rd period - Deflect By Dennis Wideman.
5:39 of 3rd period - Shot Misses the Net.
5:39 of 3rd period - Puck is out of play.
5:40 of 3rd period - Patrice Bergeron wins face-off versus Andrei Loktionov in Rangers zone.
6:15 of 3rd period - Snap shot by Jonas Hoglund.
6:15 of 3rd period - Stopped by Hannu Toivonen with a rebound.
6:31 of 3rd period - Artem Anisimov is hit by Marc Savard and loses puck.
6:58 of 3rd period - Wrist shot by Greg Stewart.
6:58 of 3rd period - Shot Blocked by Ryan Suter.
7:20 of 3rd period - Slapshot by Torey Krug.
7:20 of 3rd period - Stopped by Hannu Toivonen without a rebound.
7:21 of 3rd period - Dustin Boyd wins face-off versus Stephen Weiss in Rangers zone.
7:24 of 3rd period - Snap shot by Dustin Boyd.
7:24 of 3rd period - Stopped by Hannu Toivonen with a rebound.
7:30 of 3rd period - Jiri Fischer is hit by Stephen Weiss and loses puck.
7:51 of 3rd period - Evgeny Dadonov is hit by Cam Barker.
8:01 of 3rd period - Snap shot by Evgeny Dadonov.
8:01 of 3rd period - Shot Misses the Net.
8:41 of 3rd period - Slapshot by Dustin Boyd.
8:41 of 3rd period - Stopped by Hannu Toivonen without a rebound.
8:42 of 3rd period - Patrice Bergeron wins face-off versus Marc Savard in Rangers zone.
8:47 of 3rd period - Slapshot by Matt Greene.
8:47 of 3rd period - Shot Misses the Net.
9:00 of 3rd period - Minor Penalty to Drew Stafford for Tripping.
9:01 of 3rd period - Valtteri Filppula wins face-off versus Marek Svatos in Rangers zone.
9:16 of 3rd period - Snap shot by Marek Svatos.
9:16 of 3rd period - Stopped by Hannu Toivonen without a rebound.
9:17 of 3rd period - Valtteri Filppula wins face-off versus Marc Savard in Rangers zone.
9:17 of 3rd period - Valtteri Filppula is hit by Patrick Sharp.
9:23 of 3rd period - Patrick Sharp is hit by Matt Greene and loses puck.
9:27 of 3rd period - Icing by Patrick Sharp.
9:28 of 3rd period - Valtteri Filppula wins face-off versus Marc Savard in Canadiens zone.
9:31 of 3rd period - Slapshot by Nick Foligno.
9:31 of 3rd period - Stopped by Jonathan Bernier without a rebound.
9:32 of 3rd period - Valtteri Filppula wins face-off versus Marc Savard in Canadiens zone.
9:33 of 3rd period - Slapshot by Cam Barker.
9:33 of 3rd period - Stopped by Jonathan Bernier without a rebound.
9:34 of 3rd period - Marc Savard wins face-off versus Valtteri Filppula in Canadiens zone.
9:41 of 3rd period - Slapshot by Valtteri Filppula.
9:41 of 3rd period - Stopped by Jonathan Bernier without a rebound.
9:42 of 3rd period - Marc Savard wins face-off versus Valtteri Filppula in Canadiens zone.
9:42 of 3rd period - Marc Savard is hit by Cam Barker.
10:20 of 3rd period - Snap shot by Patrick Sharp.
10:20 of 3rd period - Shot Blocked by Cam Barker.
10:22 of 3rd period - Slapshot by Marc Savard.
10:22 of 3rd period - Stopped by Hannu Toivonen without a rebound.
10:23 of 3rd period - Brooks Laich wins face-off versus Artem Anisimov in Rangers zone.
11:00 of 3rd period - Penalty to Drew Stafford is over, Drew Stafford is back on ice.
11:06 of 3rd period - Drew Stafford is hit by Greg Stewart and loses puck.
11:13 of 3rd period - Backhand shot by Drew Stafford.
11:13 of 3rd period - Shot Misses the Net.
12:52 of 3rd period - Artem Anisimov is hit by Rene Bourque and loses puck.
13:02 of 3rd period - Off-side.
13:03 of 3rd period - Devin Setoguchi wins face-off versus Valtteri Filppula in neutral zone.
13:33 of 3rd period - Milan Lucic is hit by Marek Svatos and loses puck.
13:41 of 3rd period - Cam Barker is hit by Marc Savard and loses puck.
13:54 of 3rd period - Wrist shot by Rene Bourque.
13:54 of 3rd period - Shot Blocked by Mike Cammalleri.
13:56 of 3rd period - Backhand shot by Rene Bourque.
13:56 of 3rd period - Stopped by Hannu Toivonen without a rebound.
13:57 of 3rd period - Brooks Laich wins face-off versus Stephen Weiss in Rangers zone.
13:58 of 3rd period - Slapshot by Drew Miller.
13:58 of 3rd period - Shot Misses the Net.
14:00 of 3rd period - Slapshot by Dennis Wideman.
14:00 of 3rd period - Shot Blocked by Staffan Kronwall.
14:22 of 3rd period - Patrick Sharp is hit by Mark Fistric and loses puck.
14:50 of 3rd period - Snap shot by Dustin Boyd.
14:50 of 3rd period - Shot Misses the Net.
14:52 of 3rd period - Minor Penalty to Drew Stafford for Roughing.
14:53 of 3rd period - Valtteri Filppula wins face-off versus Marc Savard in Rangers zone.
15:06 of 3rd period - Wrist shot by Patrick Sharp.
15:06 of 3rd period - Stopped by Hannu Toivonen with a rebound.
15:31 of 3rd period - Snap shot by Marek Svatos.
15:31 of 3rd period - Stopped by Hannu Toivonen without a rebound.
15:32 of 3rd period - Brooks Laich wins face-off versus Artem Anisimov in Rangers zone.
15:42 of 3rd period - Icing by Drew Miller.
15:43 of 3rd period - Nick Foligno wins face-off versus Brooks Laich in Canadiens zone.
15:58 of 3rd period - Wrist shot by Devin Setoguchi.
15:58 of 3rd period - Shot Misses the Net.
16:29 of 3rd period - Slapshot by Brooks Laich.
16:29 of 3rd period - Stopped by Hannu Toivonen without a rebound.
16:30 of 3rd period - Artem Anisimov wins face-off versus Marc Savard in Rangers zone.
16:36 of 3rd period - Icing by Torey Krug.
16:37 of 3rd period - Artem Anisimov wins face-off versus Marc Savard in Canadiens zone.
16:48 of 3rd period - Valtteri Filppula is hit by Torey Krug and loses puck.
16:52 of 3rd period - Penalty to Drew Stafford is over, Drew Stafford is back on ice.
17:21 of 3rd period - Snap shot by Valtteri Filppula.
17:21 of 3rd period - Stopped by Jonathan Bernier with a rebound.
17:35 of 3rd period - Snap shot by Jakob Silfverberg.
17:35 of 3rd period - Goal by Jakob Silfverberg - Canadiens : 3 - Rangers : 5.
17:36 of 3rd period - Patrice Bergeron wins face-off versus Andrei Loktionov in neutral zone.
18:08 of 3rd period - Snap shot by Mike Cammalleri.
18:08 of 3rd period - Stopped by Jonathan Bernier with a rebound.
18:13 of 3rd period - Minor Penalty to Marek Svatos for Goalie Interference.
18:14 of 3rd period - Patrick Sharp wins face-off versus Patrice Bergeron in Canadiens zone.
18:24 of 3rd period - Snap shot by Jonas Hoglund.
18:24 of 3rd period - Stopped by Hannu Toivonen without a rebound.
18:25 of 3rd period - Milan Lucic wins face-off versus Patrick Sharp in Rangers zone.
18:25 of 3rd period - Milan Lucic is hit by Dennis Wideman.
18:33 of 3rd period - Wrist shot by Patrick Sharp.
18:33 of 3rd period - Stopped by Hannu Toivonen with a rebound.
19:01 of 3rd period - Snap shot by Mike Cammalleri.
19:01 of 3rd period - Stopped by Jonathan Bernier without a rebound.
19:02 of 3rd period - Stephen Weiss wins face-off versus Jonas Hoglund in Canadiens zone.
19:03 of 3rd period - Wrist shot by Jakob Silfverberg.
19:03 of 3rd period - Shot Hit the Post.
19:05 of 3rd period - Slapshot by Ryan Suter.
19:05 of 3rd period - Shot Misses the Net.
19:07 of 3rd period - Slapshot by Matt Greene.
19:07 of 3rd period - Shot Blocked by Patrick Sharp.
19:11 of 3rd period - Snap shot by Jakob Silfverberg.
19:11 of 3rd period - Goal by Jakob Silfverberg - Canadiens : 3 - Rangers : 6.
19:12 of 3rd period - Patrice Bergeron wins face-off versus Marc Savard in neutral zone.
19:15 of 3rd period - Wrist shot by Milan Lucic.
19:15 of 3rd period - Shot Misses the Net.
19:37 of 3rd period - Drew Miller is hit by Mike Cammalleri and loses puck.
Goals for this period are 0 for Canadiens vs 3 for Rangers.
Shots for this period are 12 for Canadiens vs 11 for Rangers.